 Dungeon Crawl Stone Soup version 0.32-a0-599-gba8f9cf90e (webtiles) character file.

Game seed: 10990050183451419332

6500 cforsyth the Merchant of Misery (level 10, 0/81 HPs)
             Began as a Mountain Dwarf Necromancer on Mar 2, 2024.
             Was a Believer of Kikubaaqudgha.
             Slain by a troll (5 damage)
             ... on level 9 of the Dungeon.
             The game lasted 00:21:51 (13284 turns).

cforsyth the Merchant of Misery (MDNe)             Turns: 13284, Time: 00:21:52

Health: 0/81       AC: 19    Str: 12    XL:     10   Next: 69%
Magic:  8/12       EV:  7    Int: 26    God:    Kikubaaqudgha [**....]
Gold:   521        SH:  0    Dex: 10    Spells: 7/12 levels left

rFire   . . .        q - +4 flail (freeze)
rCold   . . .        (no shield)
rNeg    . . .        m - +4 chain mail "Webuss" {^Contam Int+7}
rPois   .            F - +2 hat {Will+}
rElec   .            x - +0 cloak
rCorr   .            h - +0 pair of gloves
SInv    .            (no boots)
Will    ++...        u - amulet of magic regeneration Stlth
                     Z - ring of wizardry
HPRegen 0.33/turn    (no ring)
MPRegen 0.53/turn

%: wizardry (x1)
@: no status effects
A: runic magic, artefact enchanting
a: Renounce Religion, Unearth Wretches


You were on level 9 of the Dungeon.
You worshipped Kikubaaqudgha.
Kikubaaqudgha was pleased with you.
You visited 1 branch of the dungeon, and saw 9 of its levels.

You collected 543 gold pieces.
You spent 22 gold pieces at shops.


Innate Abilities, Weirdness & Mutations

Your spellcasting is much less encumbered by armour.
You can use scrolls of enchantment on lesser artefacts.


   Skills:
 - Level 5.3 Fighting
 - Level 9.0 Maces & Flails
 + Level 7.6 Armour
 - Level 1.3 Dodging
 - Level 1.4 Stealth
 - Level 1.7 Spellcasting
 + Level 13.3 Necromancy


You had 7 spell levels left.
You knew the following spells:

 Your Spells              Type           Power      Damage    Failure   Level
a - Animate Dead          Necr           64%        N/A       1%          4
X - Necrotise             Necr           100%       1d9       1%          1

Your spell library contained the following spells:

 Spells                   Type           Power      Damage    Failure   Level
 Kiss of Death            Conj/Necr      100%       2d13      1%          1
 Fugue of the Fallen      Necr           64%        N/A       1%          3
 Vampiric Draining        Necr           64%        2d10      1%          3
 Dispel Undead            Necr           64%        3d22      1%          4
 Curse of Agony           Necr           64%        N/A       1%          5
 Cigotuvi's Dreadful Rot  Necr/Alch/Air  50%        N/A       2%          2
 Sting                    Conj/Alch      8%         1d3       9%          1
 Mercury Vapours          Alch/Air       4%         N/A       13%         2
 Borgnjor's Vile Clutch   Necr/Erth      18%        N/A       16%         5
 Olgreb's Toxic Radiance  Alch           2%         N/A       61%         4
 Vhi's Electric Charge    Tloc/Air       4%         N/A       61%         4
 Alistair's Intoxication  Alch           1%         N/A       90%         5
 Arcjolt                  Conj/Air       1%         1d11      90%         5
 Eringya's Noxious Bog    Alch           1%         4d6       100%        6
 Plasma Beam              Fire/Air       1%         2x1d11    100%        6
 Sculpt Simulacrum        Ice/Alch       1%         N/A       100%        6
 Ozocubu's Refrigeration  Ice            1%         4d7       100%        7

Inventory:

Hand Weapons
 q - a +4 flail of freezing (weapon)
Missiles
 a - 2 throwing nets {=f}
Armour
 h - a +0 pair of gloves (worn)
 m - the +4 chain mail "Webuss" (worn) {^Contam Int+7}
   (You found it on level 2 of the Dungeon)

   Int+7:     It affects your intelligence (+7).
   ^Contam:   It causes magical contamination when unequipped.
 x - a +0 cloak (worn)
 F - a +2 hat of willpower (worn)
Magical Staves
 e - a staff of air {!a}
Jewellery
 n - a ring of positive energy
 u - an amulet of magic regeneration (around neck)
 N - a ring of positive energy
 Z - a ring of wizardry (left hand)
Wands
 B - a wand of flame (17)
Scrolls
 i - 2 scrolls of blinking
 o - a scroll of enchant weapon
 p - a scroll of immolation
 r - a scroll of vulnerability {unknown}
 v - 2 scrolls of brand weapon
 z - a scroll of revelation {unknown}
 A - 2 scrolls of teleportation {unknown}
 D - a scroll of fog {unknown}
 E - 2 scrolls of fear
Potions
 b - a potion of magic
 c - 2 potions of curing {@q1}
 d - 2 potions of haste {unknown}
 f - a potion of cancellation
 g - a potion of brilliance
 j - 4 potions of lignification
 k - 2 potions of resistance {unknown}
 l - 2 potions of ambrosia {unknown}
 s - a potion of berserk rage {unknown}
 t - 2 potions of degeneration {unknown}
 y - 3 potions of attraction
 C - a potion of heal wounds {@q2}

Dungeon Overview and Level Annotations

Branches:
Dungeon (9/15)             Temple (0/1) D:7             Orc (0/2) D:9
   Lair: D:8-11

Altars:
Ashenzari
Fedhas
Gozag
Hepliaklqana
Kikubaaqudgha
Okawaru
Qazlal
Ru
Trog
Uskayaw
Yredelemnul
Beogh

Shops:
D:2 * D:6

( #+## ...## #..##
#########..###
...$..T@.....#
##########.#...# #.#
#.... #.# ### #.###
### #...# #.#######
###.# #.#.....#
#.###.ß.....#
##########.##..).....#


You could see a troll.


Message History

Aim: a troll (almost dead, chance to affect: 83%)
The troll barely resists.
The troll bites you.
* * * LOW HITPOINT WARNING * * *
The troll claws you!
* * * LOW HITPOINT WARNING * * *
The troll claws you but does no damage.
Casting: Necrotise (safe; 1% risk of failure)
Confirm with . or Enter, or press ? or * to list all spells.
Aiming: Necrotise (safe; 1% risk of failure)
Press: ? - help, Shift-Dir - straight line, f/p - troll
Aim: a troll (severely wounded, chance to affect: 83%)
The troll barely resists.
The troll bites you but does no damage. The troll closely misses you. x2
Unknown command.
Unknown command.
Aiming: Bolt of Light
Press: ? - help, Shift-Dir - straight line, f/p - troll
Aim: a troll (severely wounded, 71% to hit)
The bolt of light misses the troll.
The troll bites you but does no damage. The troll claws you.
* * * LOW HITPOINT WARNING * * *
The troll claws you but does no damage.
Aiming: Bolt of Light
Press: ? - help, Shift-Dir - straight line, f/p - troll
Aim: a troll (severely wounded, 71% to hit)
The bolt of light misses the troll.
The now-empty wand crumbles to dust.
The troll bites you but does no damage. The troll barely misses you.
The troll claws you.
You die...
Kikubaaqudgha rasps: You have failed me!
Welcome... death!

Skill      XL: |  1  2  3  4  5  6  7  8  9 10 |
---------------+-------------------------------+-----
Fighting       | 1 2 3 4 5 |  5.3
Necromancy     | 5 6 7 8 10 12 13 | 13.3
Maces & Flails | 2 4 7 9 |  9.0
Armour         | 4 7 |  7.6
Dodging        | |  1.3
Stealth        | |  1.4
Spellcasting   | |  1.7

Action                     |  1- 3 |  4- 6 |  7- 9 | 10-12 || total
---------------------------+-------+-------+-------+-------++-------
  Melee: Unarmed           |    17 |     6 |       |       ||    23
         Flail             |       |    29 |   279 |    42 ||   350
   Cast: Necrotise         |    69 |   100 |   225 |    93 ||   487
         Animate Dead      |       |       |     4 |       ||     4
  Evoke: Wand              |       |       |     3 |     6 ||     9
    Use: Scroll            |     1 |     7 |     7 |       ||    15
         Potion            |       |     1 |     1 |       ||     2
   Stab: Invisible         |       |       |     2 |     1 ||     3
         Distracted        |       |       |     1 |       ||     1
 Armour: Robe              |    14 |       |       |       ||    14
         Chain mail        |     2 |    82 |   439 |   116 ||   639
  Dodge: Dodged            |    17 |    25 |   109 |    44 ||   195

Levels and vault maps discovered:
D:1:      orjb1_lava_funnel, layout_loops_corners
D:2:      layout_basic, basic_altar, serial_shops, nicolae_shop_window_shopping,
          st_stairs_4
D:3:      minmay_general_purpose_star, layout_basic, nzn_hepliaklqana_mist_gate,
          hellmonk_ecumenical_altar_pennies_from_heaven, kennysheep_cross_room,
          uniq_sigmund, uniq_terence
D:4:      layout_rooms, fedhas_altar_2, uniq_duvessa
D:5:      layout_loops_corners, st_stairs_8, minmay_misc_feat_ornament
D:6:      minmay_goblin_kobold_castle, layout_loops_corners, lemuel_tele_altar,
          serial_shops, nicolae_shop_tiny_waterfront, kennysheep_nub
D:7:      layout_basic, amcnicky_altar_gilded,
          nicolae_overflow_macrodata_refinement, old_standard_altar,
          minmay_temple_entry_fiery
D:8:      layout_basic, evilmike_ruin_ashenzari, uniq_gastronok, uniq_amaemon
D:9:      layout_roguey, david_orc_5, serial_shops, nicolae_shop_tiny_glass

Notes
Turn   | Place    | Note
-------+----------+-------------------------------------------
     0 | D:1      | cforsyth the Mountain Dwarf Necromancer began the quest for
                  | the Orb.
     0 | D:1      | Reached XP level 1. HP: 14/14 MP: 3/3
   210 | D:1      | Reached skill level 1 in Fighting
   337 | D:1      | Reached XP level 2. HP: 23/23 MP: 1/4
   724 | D:1      | Reached skill level 2 in Fighting
   724 | D:1      | Reached skill level 5 in Necromancy
   724 | D:1      | Reached XP level 3. HP: 29/29 MP: 0/5
  1509 | D:2      | Identified the +3 chain mail "Webuss" {^Contam Int+7}
  1677 | D:2      | Found an iron altar of Okawaru.
  1895 | D:2      | Found Qiupischi's General Store.
  1938 | D:2      | Bought a scroll of identify for 22 gold pieces
  2100 | D:3      | Reached XP level 4. HP: 37/37 MP: 3/6
  2180 | D:2      | Reached skill level 3 in Fighting
  2498 | D:3      | Noticed Terence
  2524 | D:2      | Reached XP level 5. HP: 46/46 MP: 1/7
  2728 | D:3      | Reached skill level 6 in Necromancy
  2774 | D:3      | Noticed Sigmund
  3420 | D:3      | Killed Sigmund
  3421 | D:3      | Reached skill level 4 in Fighting
  3421 | D:3      | Reached XP level 6. HP: 32/53 MP: 2/8
  3950 | D:3      | Reached skill level 5 in Fighting
  4096 | D:3      | Found a faded altar of an unknown god.
  4276 | D:4      | Learned a level 4 spell: Animate Dead
  4364 | D:4      | Reached skill level 7 in Necromancy
  4678 | D:4      | Reached skill level 1 in Maces & Flails
  4743 | D:4      | Reached skill level 2 in Maces & Flails
  4743 | D:4      | Reached XP level 7. HP: 55/61 MP: 9/9
  4892 | D:4      | Noticed Dowan
  4915 | D:4      | Killed Dowan
  4928 | D:4      | Noticed Duvessa
  5047 | D:5      | Entered Level 5 of the Dungeon
  5206 | D:5      | Reached skill level 3 in Maces & Flails
  5472 | D:5      | Reached skill level 8 in Necromancy
  5502 | D:5      | Reached skill level 4 in Maces & Flails
  5720 | D:5      | Reached XP level 8. HP: 66/68 MP: 5/10
  5941 | D:5      | Reached skill level 5 in Maces & Flails
  6238 | D:6      | Found Owomos's Weapon Shop.
  6406 | D:6      | Reached skill level 9 in Necromancy
  7246 | D:6      | Reached skill level 6 in Maces & Flails
  7566 | D:6      | Found a hide-covered altar of Uskayaw.
  7614 | D:6      | Reached skill level 7 in Maces & Flails
  8066 | D:6      | Reached skill level 10 in Necromancy
  8748 | D:7      | Reached XP level 9. HP: 74/74 MP: 8/11
  8797 | D:7      | Found an ancient bone altar of Kikubaaqudgha.
  8858 | D:7      | Found a basalt altar of Yredelemnul.
  8859 | D:7      | Found a stormy altar of Qazlal.
  8867 | D:7      | Found an opulent altar of Gozag.
  8869 | D:7      | Found a bloodstained altar of Trog.
  9040 | D:7      | Became a worshipper of Kikubaaqudgha
  9167 | D:7      | Reached skill level 8 in Maces & Flails
  9239 | D:7      | Found a sacrificial altar of Ru.
  9241 | D:7      | Identified the +3 plate armour of the Elephant {rN+ Will+
                  | rCorr Int-5}
  9297 | D:7      | Found a staircase to the Ecumenical Temple.
  9452 | D:7      | Noticed a white ugly thing
  9466 | D:7      | Killed a white ugly thing
  9467 | D:7      | Reached skill level 9 in Maces & Flails
  9467 | D:7      | Reached skill level 11 in Necromancy
  9812 | D:8      | Reached skill level 1 in Armour
  9909 | D:8      | Reached skill level 2 in Armour
  9925 | D:8      | Reached skill level 3 in Armour
 10184 | D:8      | Reached skill level 4 in Armour
 10372 | D:8      | Noticed an orange demon
 10376 | D:8      | Reached * piety under Kikubaaqudgha
 10376 | D:8      | Received a gift from Kikubaaqudgha
 10611 | D:4      | Killed Duvessa
 10780 | D:4      | Found a blossoming altar of Fedhas.
 10896 | D:3      | Killed Terence
 10976 | D:3      | Got the Spellbook of Shadows and Refrigeration
 11054 | D:3      | Found a hazy altar of Hepliaklqana.
 11302 | D:8      | Found a broken altar of Ashenzari.
 11521 | D:8      | Reached skill level 12 in Necromancy
 11521 | D:8      | Reached XP level 10. HP: 73/81 MP: 12/12
 11623 | D:8      | Killed an orange demon
 11624 | D:8      | Reached skill level 5 in Armour
 11645 | D:8      | Noticed Gastronok
 11975 | D:8      | Noticed Amaemon
 12285 | D:8      | Killed Amaemon
 12633 | D:8      | Killed Gastronok
 12634 | D:8      | Reached skill level 7 in Armour
 12634 | D:8      | Reached skill level 13 in Necromancy
 12962 | D:9      | Found a roughly hewn altar of Beogh.
 12962 | D:9      | Found a staircase to the Orcish Mines.
 13199 | D:9      | Reached ** piety under Kikubaaqudgha
 13281 | D:9      | HP: 6/81 [troll (11)]
 13284 | D:9      | Slain by a troll

Vanquished Creatures
  Gastronok (D:8)
  Amaemon (D:8)
  An orange demon (D:8)
  Sigmund (D:3)
  2 yaks (D:8)
  Duvessa (D:4)
  A water moccasin (D:5)
  A sky beast (D:8)
  An ice beast (D:8)
  5 orc warriors (D:9)
  3 black bears
  3 centaurs
  2 phantoms
  A kobold brigand (D:7)
  A scorpion (D:5)
  Dowan (D:4)
  3 killer bees (D:7)
  A howler monkey (D:6)
  4 electric eels (D:6)
  3 orc priests
  2 bombardier beetles
  7 hounds
  4 sleepcaps
  Terence (D:3)
  4 iguanas
  6 orc wizards
  14 gnolls
  10 adders
  A shadow imp (D:8)
  2 white imps
  2 dart slugs
  3 ribbon worms
  50 orcs
  5 ball pythons
  4 endoplasms
  3 giant cockroaches
  22 goblins
  22 hobgoblins
  4 jackals (D:1)
  17 kobolds
  7 quokkas
  7 bats
  A frilled lizard (D:2)
  4 rats
239 creatures vanquished.

Vanquished Creatures (collateral kills)
  An ugly thing (D:7)
  2 yaks (D:8)
  An orc warrior (D:8)
  A black bear (D:6)
  An orc priest (D:8)
  A gnoll (D:6)
  A dart slug (D:2)
  6 orcs
  7 goblins (D:6)
  2 hobgoblins (D:6)
  A jackal (D:1)
  A kobold (D:6)
  A frilled lizard (D:2)
26 creatures vanquished.

Vanquished Creatures (others)
  4 yak zombies (D:8)
  A gnoll zombie (D:6)
  6 goblin zombies (D:6)
  4 hobgoblin zombies (D:6)
  A kobold zombie (D:6)
  2 orc zombies (D:8)
18 creatures vanquished.

Grand Total: 283 creatures vanquished

Table legend: (Time is in decaauts)
 A = Elapsed time spent in this place.
 B = Non-inter-level travel time spent in this place.
 C = Inter-level travel time spent in this place.
 D = Time resting spent in this place.
 E = Time spent auto-exploring this place.
 F = Levels seen in this place.
 G = Mean time per level.
                   A        B        C        D        E       F      G
               +--------+--------+--------+--------+--------+-----+--------+
         Total |  13342 |  12802 |    540 |   1998 |   8382 |   9 | 1482.4 |
       Dungeon |  13342 |  12802 |    540 |   1998 |   8382 |   9 | 1482.4 |
               +--------+--------+--------+--------+--------+-----+--------+

Top non-repeatable levels by time:
     D:6: 2506 daAuts
     D:8: 2236 daAuts
     D:2: 1900 daAuts
     D:3: 1573 daAuts
     D:7: 1282 daAuts
     D:5: 1236 daAuts
     D:1: 1208 daAuts
     D:4: 996 daAuts
     D:9: 402 daAuts

Table legend:
 A = Non-vault XP
 B = Vault XP
 C = Vault XP percentage of total XP
 D = Non-vault monster count
 E = Vault monster count
 F = Vault count percentage of total count
                 A         B        C        D         E       F
            +---------+---------+-------+---------+---------+-------
      Total |    5078 |    4209 |  45.3 |     174 |      91 |  34.3
            +---------+---------+-------+---------+---------+-------
        D:1 |      52 |       0 |   0.0 |      21 |       0 |   0.0
        D:2 |     114 |       3 |   2.6 |      22 |       2 |   8.3
        D:3 |     168 |     271 |  61.7 |      21 |       6 |  22.2
        D:4 |     316 |     220 |  41.0 |      18 |       2 |  10.0
        D:5 |     822 |      13 |   1.6 |      28 |       1 |   3.4
        D:6 |     777 |     170 |  18.0 |      14 |      55 |  79.7
        D:7 |    1178 |       0 |   0.0 |      24 |       0 |   0.0
        D:8 |    1533 |    2737 |  64.1 |      25 |       3 |  10.7
        D:9 |     118 |     795 |  87.1 |       1 |      22 |  95.7
            +---------+---------+-------+---------+---------+-------
